 Dungeon Crawl Stone Soup version 0.31-a0-640-g39d97e502b (webtiles) character file.

Game seed: 6061874232708210633

961 IndexError the Grappler (level 7, -2/59 HPs)
             Began as a Troll Hedge Wizard on Aug 28, 2023.
             Slain by Menkaure (20 damage)
             ... on level 6 of the Dungeon.
             The game lasted 00:07:30 (3963 turns).

IndexError the Grappler (Troll Hedge Wizard)        Turns: 3963, Time: 00:07:31

Health: -2/59      AC:  4    Str: 19    XL:     7   Next: 92%
Magic:  9/9        EV:  9    Int: 18    God:
Gold:   153        SH:  0    Dex:  9    Spells: 9/10 levels left

rFire   . .          .
                       - Unarmed
rCold   . . .        (no shield)
rNeg    . . .        b - +0 robe
rPois   .            c - +0 hat
rElec   .            (no cloak)
rCorr   .            (gloves unavailable)
SInv    .            (boots unavailable)
Will    .....        u - amulet of the acrobat
Stlth   +            l - +6 ring of intelligence
HPRegen 1.09/turn    (no ring)
MPRegen 0.11/turn

%: acrobat
@: no status effects
A: large, unfitting armour, claws 3, regeneration 1, shaggy fur 1, tough skin 1
a: no special abilities


You were on level 6 of the Dungeon.
You visited 1 branch of the dungeon, and saw 6 of its levels.

You collected 153 gold pieces.

Inventory:

Hand Weapons
 a - a +0 sling
   (You found it on level 3 of the Dungeon)
Missiles
 f - 10 poisoned darts
Armour
 b - a +0 robe (worn)
 c - a +0 hat (worn)
 r - a +0 cloak
   (You found it on level 5 of the Dungeon)
Jewellery
 l - a +6 ring of intelligence (left claw)
   (You found it on level 1 of the Dungeon)
 u - an amulet of the acrobat (around neck)
   (You found it on level 3 of the Dungeon)
Scrolls
 e - 2 scrolls of enchant weapon {unknown}
 g - a scroll of silence {unknown}
 m - a scroll of teleportation {unknown}
 n - a scroll of fear {unknown}
 o - a scroll of revelation {unknown}
 q - a scroll of vulnerability {unknown}
 s - 4 scrolls of identify {unknown}
 x - 2 scrolls of amnesia {unknown}
 y - a scroll of noise {unknown}
 B - a scroll of immolation {unknown}
 C - a scroll of blinking {unknown}
Potions
 d - 3 potions of magic
 h - a potion of attraction {unknown}
 i - a potion of lignification {unknown}
 j - 7 potions of curing {unknown}
 k - 2 potions of invisibility {unknown}
 p - a potion of haste {unknown}
 t - 3 potions of mutation {unknown}
 v - a potion of ambrosia {unknown}
 w - 2 potions of might {unknown}
 z - 2 potions of degeneration {unknown}
 A - a potion of heal wounds {unknown}


   Skills:
 - Level 1.5 Dodging
 - Level 1.0 Stealth
 + Level 9.1 Unarmed Combat
 - Level 2.0 Spellcasting
 - Level 0.6 Conjurations
 - Level 0.6 Summonings
 - Level 0.6 Translocations


You had 9 spell levels left.
You knew the following spells:

 Your Spells              Type           Power      Damage    Failure   Level
a - Magic Dart            Conj           12%        1d3       14%         1

Your spell library contained the following spells:

 Spells                   Type           Power      Damage    Failure   Level
 Foxfire                  Conj/Fire      8%         2x1d4     16%         1
 Slow                     Hex            4%         N/A       19%         1
 Blink                    Tloc           6%         N/A       22%         2
 Call Imp                 Summ           6%         N/A       22%         2
 Cigotuvi's Dreadful Rot  Necr/Pois/Air  2%         N/A       26%         2
 Mephitic Cloud           Conj/Pois/Air  2%         N/A       45%         3
 Manifold Assault         Tloc           3%         N/A       80%         4
 Dispersal                Tloc           1%         N/A       100%        6
 Plasma Beam              Fire/Air       0%         2x1d10    100%        6
 Starburst                Conj/Fire      1%         6d3       100%        6
 Disjunction              Tloc           1%         N/A       100%        8


Dungeon Overview and Level Annotations

Branches:
Dungeon (6/15)             Temple (0/1) D:5

Altars:
Yredelemnul

Annotations:
D:6 Menkaure


Innate Abilities, Weirdness & Mutations

You are too large for most types of armour.
You have claws for hands.
Your natural rate of healing is unusually fast.
You are covered in fur. (AC +1)
You have tough skin. (AC +1)


Message History

There is a stone staircase leading down here.
You regained 3 hp, and now have 48/59 hp.
HP restored.
Done exploring.
Health restored: 59 You climb downwards.
There is a stone staircase leading up here.
The orc priest looks satisfied for a moment.
You climb upwards.
There is a stone staircase leading down here.
You are now empty-clawed.
You closely miss the orc priest.
The orc priest invokes the aid of Beogh against you.
You struggle to resist.
You claw the orc priest!
The orc priest hits you with a +0 war axe.
You take 3 damage, and have 56/59 hp.
You claw the orc priest!
No target in view!
No target in view!
Things that are here:
a +0 club; an orc skeleton You regained 2 hp, and now have 58/59 hp.
There is a stone staircase leading down here.
Health restored: 59
There is a stone staircase leading down here.
You climb downwards.
There is a stone staircase leading up here.
You closely miss the orc wizard. You barely miss the orc wizard.
You claw the orc wizard!
The orc wizard hits you but does no damage.
You scratch the orc wizard. The orc wizard casts a spell at you.
You resist with some effort.
You claw the orc wizard!
The orc wizard gestures at you while chanting.
The magic dart hits you!
You take 11 damage, and have 48/59 hp.
The orc wizard gestures at you while chanting.
You resist with some effort. The orc wizard closely misses you.
You barely miss the orc wizard. The orc wizard misses you.
You scratch the orc wizard. The orc wizard casts a spell at you.
The magic dart hits you.
You take 5 damage, and have 46/59 hp.
You scratch the orc wizard but do no damage.
The orc wizard closely misses you.
You completely miss the orc wizard. You claw the orc wizard!
No target in view!
No target in view!
a - a +0 sling (weapon)
HP restored.
Things that are here:
a +0 dagger; a +0 robe Menkaure and a black bear come into view.
The black bear growls angrily.
Menkaure moves out of view.
Health restored: 59 You shoot a sling bullet.
The sling bullet barely misses the black bear.
You shoot a sling bullet.
Menkaure shouts!
The sling bullet hits the black bear.
Menkaure gestures wildly while chanting.
Menkaure seems to speed up.
Things that are here:
a +0 dagger; a +0 robe
There is a stone staircase leading up here.
The black bear bites you but does no damage.
The black bear claws you but does no damage. x2
You climb upwards.
There is a stone staircase leading down here.
You are now empty-clawed.
You claw the black bear!
The black bear goes berserk!
You claw the black bear!
Your Unarmed Combat skill increases to level 9!
No target in view!
You climb downwards.
Level annotation: Menkaure Menkaure casts a spell at you.
Pain shoots through your body!
There is a stone staircase leading up here.
You take 2 damage, and have 57/59 hp.
You closely miss Menkaure.
Menkaure calls on the powers of darkness!
Your body is wracked with pain!
You take 27 damage, and have 31/59 hp.
MASSIVE DAMAGE!!
You are too injured to fight recklessly!
You are too injured to fight recklessly!
You are too injured to fight recklessly!
You claw Menkaure!
Menkaure calls on the powers of darkness!
Your body is wracked with pain!
* * * LOW HITPOINT WARNING * * *
You take 14 damage, and have 17/59 hp.
MASSIVE DAMAGE!!
You barely miss Menkaure. Menkaure hits you!!
You die...

......... ........#
........## ########
>........ ##......#
.........###...#...#
........##.........#
........#........###
...........##.#..[##
...........#..[M@<.#
.......†....###....#
.##..#......###....##
....#####M.###...##.#
.... #...#.......##
...
###......#.....##. ..
.....#####........
.......###......##
.......†...#...##


You could see Menkaure (fast).

Vanquished Creatures
  An ice beast (D:5)
  A black bear (D:5)
  3 scorpions
  2 jellies (D:5)
  2 hounds
  2 orc priests (D:5)
  Jessica (D:2)
  4 iguanas
  4 orc wizards
  4 gnolls
  5 adders
  A shadow imp (D:5)
  3 worms
  3 dart slugs
  5 orcs
  5 bats (D:1)
  9 endoplasms
  5 giant cockroaches
  6 hobgoblins
  10 jackals
  4 quokkas
  5 ball pythons
  A frilled lizard (D:2)
  6 goblins
  5 kobolds
  4 rats
101 creatures vanquished.

Notes
Turn   | Place    | Note
-------+----------+-------------------------------------------
     0 | D:1      | IndexError the Troll Hedge Wizard began the quest for the
                  | Orb.
     0 | D:1      | Reached XP level 1. HP: 16/16 MP: 2/2
   108 | D:1      | Reached skill level 1 in Unarmed Combat
   177 | D:1      | Reached XP level 2. HP: 24/24 MP: 4/4
   191 | D:1      | Reached skill level 2 in Unarmed Combat
   374 | D:1      | Found a faded altar of an unknown god.
   518 | D:1      | Reached XP level 3. HP: 31/31 MP: 5/5
   717 | D:1      | Reached skill level 3 in Unarmed Combat
  1386 | D:2      | Noticed Jessica
  1388 | D:2      | Killed Jessica
  1389 | D:2      | Reached skill level 4 in Unarmed Combat
  1389 | D:2      | Reached XP level 4. HP: 39/39 MP: 6/6
  1912 | D:3      | Reached XP level 5. HP: 27/45 MP: 7/7
  2066 | D:3      | Reached skill level 5 in Unarmed Combat
  2837 | D:4      | Reached XP level 6. HP: 53/53 MP: 8/8
  2844 | D:4      | Found a basalt altar of Yredelemnul.
  2991 | D:4      | Reached skill level 6 in Unarmed Combat
  3117 | D:5      | Entered Level 5 of the Dungeon
  3145 | D:5      | Noticed an ice beast
  3156 | D:5      | HP: 10/53 [ice beast (12)]
  3159 | D:5      | HP: 3/53 [ice beast (9)]
  3160 | D:5      | Killed an ice beast
  3289 | D:5      | Reached skill level 7 in Unarmed Combat
  3341 | D:5      | Reached XP level 7. HP: 56/59 MP: 9/9
  3530 | D:5      | Reached skill level 8 in Unarmed Combat
  3639 | D:5      | Found a staircase to the Ecumenical Temple.
  3942 | D:6      | Noticed Menkaure
  3958 | D:5      | Reached skill level 9 in Unarmed Combat
  3963 | D:6      | Slain by Menkaure

Illustrated notes

Levels and vault maps discovered:
D:1:      minmay_arrival_glassed_features, layout_basic,
          hellmonk_ecumenical_altar_leap_of_faith
D:2:      layout_basic, uniq_jessica
D:3:      layout_basic, minmay_statues_item
D:4:      layout_loops_cross, kennysheep_mini
D:5:      layout_rooms, temple_hall
D:6:      layout_cave_pools, corner_web_ring, roderic_batcave, uniq_menkaure

Skill      XL: |  1  2  3  4  5  6  7 |
---------------+----------------------+-----
Unarmed Combat | 1 2 4 5 7 9 |  9.1
Dodging        | |  1.5
Stealth        | |  1.0
Spellcasting   | |  2.0
Conjurations   | |  0.6
Summonings     | |  0.6
Translocations | |  0.6

Action                     |  1- 3 |  4- 6 |  7- 9 || total
---------------------------+-------+-------+-------++-------
  Melee: Unarmed           |   123 |   131 |    53 ||   307
         Dagger            |     1 |       |       ||     1
         Punch             |     1 |     3 |     1 ||     5
   Fire: Sling             |       |    53 |    27 ||    80
   Stab: Sleeping          |     3 |     1 |       ||     4
 Armour: Robe              |    67 |    43 |    10 ||   120
  Dodge: Dodged            |    82 |    60 |    12 ||   154

Table legend: (Time is in decaauts)
 A = Elapsed time spent in this place.
 B = Non-inter-level travel time spent in this place.
 C = Inter-level travel time spent in this place.
 D = Time resting spent in this place.
 E = Time spent auto-exploring this place.
 F = Levels seen in this place.
 G = Mean time per level.
                   A        B        C        D        E       F      G
               +--------+--------+--------+--------+--------+-----+--------+
         Total |   3941 |   3541 |    400 |      0 |   2734 |   6 |  656.8 |
       Dungeon |   3941 |   3541 |    400 |      0 |   2734 |   6 |  656.8 |
               +--------+--------+--------+--------+--------+-----+--------+

Top non-repeatable levels by time:
     D:1: 885 daAuts
     D:4: 861 daAuts
     D:2: 833 daAuts
     D:3: 631 daAuts
     D:5: 582 daAuts
     D:6: 147 daAuts

Levels and vault maps discovered:
D:1:      minmay_arrival_glassed_features, layout_basic,
          hellmonk_ecumenical_altar_leap_of_faith
D:2:      layout_basic, uniq_jessica
D:3:      layout_basic, minmay_statues_item
D:4:      layout_loops_cross, kennysheep_mini
D:5:      layout_rooms, temple_hall
D:6:      layout_cave_pools, corner_web_ring, roderic_batcave, uniq_menkaure

Table legend: (Time is in decaauts)
 A = Elapsed time spent in this place.
 B = Non-inter-level travel time spent in this place.
 C = Inter-level travel time spent in this place.
 D = Time resting spent in this place.
 E = Time spent auto-exploring this place.
 F = Levels seen in this place.
 G = Mean time per level.
                   A        B        C        D        E       F      G
               +--------+--------+--------+--------+--------+-----+--------+
         Total |   3941 |   3541 |    400 |      0 |   2734 |   6 |  656.8 |
       Dungeon |   3941 |   3541 |    400 |      0 |   2734 |   6 |  656.8 |
               +--------+--------+--------+--------+--------+-----+--------+

Top non-repeatable levels by time:
     D:1: 885 daAuts
     D:4: 861 daAuts
     D:2: 833 daAuts
     D:3: 631 daAuts
     D:5: 582 daAuts
     D:6: 147 daAuts

Table legend:
 A = Kills in this place as a percentage of kills in the entire game.
 B = Kills by you in this place as a percentage of kills by you in the entire game.
 C = Kills by friends in this place as a percentage of kills by friends in the entire game.
 D = Other kills in this place as a percentage of other kills in the entire game.
 E = Experience gained in this place as a percentage of experience gained in the entire game.
 F = Experience gained in this place divided by the number of levels of this place that you have seen.
                   A       B       C       D       E      F
               +-------+-------+-------+-------+-------+----------------------
         Total | 100.0 | 100.0 |   N/A |   N/A | 100.0 | 229.0
       Dungeon | 100.0 | 100.0 |   N/A |   N/A | 100.0 | 229.0
               +-------+-------+-------+-------+-------+----------------------
